 Dungeon Crawl Stone Soup version 0.29-a0-664-gff9cad4a3d (webtiles) character file.

Game seed: 10272120072754903158

135 vineage the Skirmisher (level 5, -2/36 HPs)
             Began as a Gargoyle Fighter on June 22, 2022.
             Was an Initiate of Okawaru.
             Slain by an ogre
             ... wielding a +0 giant club
              (27 damage)
             ... on level 3 of the Dungeon.
             The game lasted 00:03:54 (3100 turns).

vineage the Skirmisher (Gargoyle Fighter)           Turns: 3100, Time: 00:03:55

Health: -2/36      AC: 13    Str: 21    XL:     5   Next: 18%
Magic:  5/5        EV:  9    Int:  9    God:    Okawaru [......]
Gold:   241        SH:  4    Dex:  9    Spells: 4/4 levels left

rFire   . . .      SeeInvis .   l - +1 hand axe (vorpal)
rCold   + . .      Faith    .   c - +0 buckler
rNeg    + . .      Spirit   .   b - +1 scale mail {rC+}
rPois   ∞          Reflect  .   (no helmet)
rElec   +          Harm     .   f - +0 cloak
rCorr   .          Rampage  .   (no gloves)
Will    .....                   (no boots)
Stlth   ..........              (no amulet)
HPRegen 0.12/turn               (no ring)
MPRegen 0.09/turn               (no ring)

@: no status effects
A: sickness immunity, AC +4, negative energy resistance 1, electricity
resistance, torment resistance 1, petrification resistance
a: Renounce Religion


You were on level 3 of the Dungeon.
You worshipped Okawaru.
Okawaru was noncommittal.
You visited 1 branch of the dungeon, and saw 3 of its levels.

You collected 241 gold pieces.

Inventory:

Hand Weapons
 a - a +0 flail
 l - a +1 vorpal hand axe (weapon)
Armour
 b - a +1 scale mail of cold resistance (worn)
 c - a +0 buckler (worn)
 e - a +0 plate armour
 f - a +0 cloak (worn)
Scrolls
 g - 2 scrolls of blinking
 o - a scroll of poison
 p - a scroll of identify
Potions
 d - a potion of might
 h - a potion of berserk rage
 i - a potion of haste {unknown}
 j - a potion of attraction {unknown}
 k - a potion of resistance {unknown}
 m - a potion of cancellation {unknown}
 n - a potion of lignification {unknown}


   Skills:
 * Level 6.3 Fighting
 - Level 2.0 Maces & Flails
 - Level 3.2 Armour
 - Level 3.2 Shields


You had 4 spell levels left.
You didn't know any spells.
Your spell library contained the following spells:

 Spells                   Type           Power      Damage    Failure   Level
 Poisonous Vapours        Pois/Air       0%         N/A       91%         2
 Corpse Rot               Necr/Pois/Air  0%         N/A       100%        4


Dungeon Overview and Level Annotations

Branches:
Dungeon (3/15)

Altars:
Okawaru
Ru


Innate Abilities, Weirdness & Mutations

You are immune to sickness and miasma.
Your stone body is resilient. (AC +4)
You are immune to poison.
You resist negative energy. (rN+)
You are resistant to electric shocks. (rElec)
You are resistant to unholy torment.
You are immune to petrification.


Message History

No target in view!
Found 3 stones.
n - a bubbling clear potion A worm comes into view.
You see here 3 stones.
A worm is nearby!
Found a scroll of poison and a scroll of identify.
The worm bites you but does no damage.
You hit the worm.
The worm is lightly wounded.
You block the worm's attack.
You hit the worm.
The worm is heavily wounded.
The worm closely misses you.
You slash the worm!
You kill the worm!
Okawaru accepts your kill.
No target in view!
No target in view!
No target in view!
No target in view!
No target in view!
No target in view!
o - a scroll of poison
p - a scroll of identify An ogre comes into view.
It is wielding a +0 giant club.
An ogre is nearby!
An ogre is nearby!
The ogre shouts!
You hit the ogre.
The ogre is lightly wounded.
The ogre hits you with a +0 giant club!
You hit the ogre but do no damage.
The ogre is lightly wounded.
The ogre barely misses you.
You barely miss the ogre.
The ogre is lightly wounded.
The ogre hits you with a +0 giant club!!
Ouch! That really hurt!
You die...

........
#8.....................
.......
##......(............##
.# ##8###8#...........<..
..#########...........###
.... #....#####.#....
...####....#####......#
#..............#.....#
#.....O##......#.##+##
#.....@##..........
#..............##.#
#..........#####
#..............#
#..............#
#######..........
........... ............
...........##


You could see an ogre.

Vanquished Creatures
  Terence (D:3)
  2 adders (D:2)
  3 worms
  2 dart slugs (D:1)
  2 orcs (D:3)
  7 ball pythons
  3 endoplasms
  7 goblins
  8 hobgoblins
  10 jackals
  2 quokkas (D:3)
  7 bats
  4 frilled lizards
  6 kobolds
  10 rats
74 creatures vanquished.

Vanquished Creatures (others)
  6 toadstools (D:2)
6 creatures vanquished.

Grand Total: 80 creatures vanquished

Notes
Turn   | Place    | Note
-------+----------+-------------------------------------------
     0 | D:1      | vineage the Gargoyle Fighter began the quest for the Orb.
     0 | D:1      | Reached XP level 1. HP: 14/14 MP: 1/1
   184 | D:1      | Reached XP level 2. HP: 19/20 MP: 2/2
   188 | D:1      | Found a sacrificial altar of Ru.
   208 | D:1      | Reached skill level 4 in Fighting
   431 | D:1      | Reached XP level 3. HP: 13/24 MP: 3/3
  1097 | D:1      | Reached skill level 5 in Fighting
  1431 | D:2      | Reached XP level 4. HP: 26/31 MP: 4/4
  2471 | D:3      | Found an iron altar of Okawaru.
  2482 | D:3      | Became a worshipper of Warmaster Okawaru
  2683 | D:3      | Noticed Terence
  2714 | D:3      | Killed Terence
  2715 | D:3      | Reached skill level 6 in Fighting
  2715 | D:3      | Reached XP level 5. HP: 7/36 MP: 5/5
  2716 | D:3      | HP: 1/36 [orc/+0 hand axe (6)]
  3094 | D:3      | Noticed an ogre
  3100 | D:3      | Slain by an ogre

Illustrated notes

Levels and vault maps discovered:
D:1:      beargit_arrival_greenhouse, layout_basic, minmay_hexomino_r4
D:2:      layout_basic, chequers_serial_rivers_micro_d, minmay_gold_behind_fungi
D:3:      layout_basic, mainiacjoe_overflow_paths, corexii_hall_statues_s,
          uniq_ijyb, uniq_terence, uniq_sigmund

Skill      XL: |  1  2  3  4 |
---------------+-------------+-----
Fighting       | 4 5 6 |  6.3
Maces & Flails | |  2.0
Armour         | |  3.2
Shields        | |  3.2

Action                   |  1- 3 |  4- 6 || total
-------------------------+-------+-------++-------
Melee: Flail             |   151 |    82 ||   233
       Hand axe          |       |    45 ||    45
  Use: Scroll            |     5 |     4 ||     9
       Potion            |       |     1 ||     1
Armor: Scale mail        |     5 |     1 ||     6
       Plate armour      |   137 |    93 ||   230
Dodge: Dodged            |    52 |    27 ||    79
Block: Buckler           |    29 |    24 ||    53

Table legend: (Time is in decaauts)
 A = Elapsed time spent in this place.
 B = Non-inter-level travel time spent in this place.
 C = Inter-level travel time spent in this place.
 D = Time resting spent in this place.
 E = Time spent auto-exploring this place.
 F = Levels seen in this place.
 G = Mean time per level.
                   A        B        C        D        E       F      G
               +--------+--------+--------+--------+--------+-----+--------+
         Total |   3190 |   3086 |    104 |     80 |   2400 |   3 | 1063.3 |
       Dungeon |   3190 |   3086 |    104 |     80 |   2400 |   3 | 1063.3 |
               +--------+--------+--------+--------+--------+-----+--------+

Top non-repeatable levels by time:
     D:1: 1410 daAuts
     D:2: 1051 daAuts
     D:3: 728 daAuts
